 Dungeon Crawl Stone Soup version 0.22-a0-252-gcace5d2 (webtiles) character file.

301 sankara the Cudgeler (level 6, -19/37 HPs)
             Began as a Gargoyle Fighter on Mar 1, 2018.
             Was an Initiate of Ru.
             Demolished by an ogre
             ... wielding a +0 giant spiked club
              (25 damage)
             ... on level 4 of the Dungeon.
             The game lasted 00:09:16 (2904 turns).

sankara the Cudgeler (Gargoyle Fighter)             Turns: 2904, Time: 00:09:16

Health: -19/37     AC: 11    Str: 20    XL:     6   Next: 37%
Magic:  6/6        EV:  7    Int: 10    God:    Ru [......]
Gold:   108        SH:  9    Dex:  9    Spells: 5/5 levels left

rFire    . . .     SeeInvis .   a - +0 whip (elec)
rCold    + . .     Gourm    .   c - +0 shield
rNeg     + . .     Faith    .   g - +0 scale mail
rPois    ∞         Spirit   .   (no helmet)
rElec    +         Reflect  .   (no cloak)
rCorr    .         Harm     .   (no gloves)
MR       .....                  (no boots)
Stlth    ..........             (no amulet)
HPRegen  0.12/turn              m - ring of protection from cold {rC+, !d}
MPRegen  0.10/turn              (no ring)

@: no status effects
A: negative energy resistance 1, electricity resistance, unbreathing,
petrification resistance, rot immunity, AC +4
a: Sacrifice Stealth, Sacrifice an Eye, Sacrifice Drink, Reject Sacrifices,
Renounce Religion


You were on level 4 of the Dungeon.
You worshipped Ru.
Ru was noncommittal.
You were not hungry.

You visited 1 branch of the dungeon, and saw 4 of its levels.

You collected 108 gold pieces.

Inventory:

Hand Weapons
 a - a +0 whip of electrocution (weapon)
   (You took it off an orc on level 4 of the Dungeon)
 b - a +0 hunting sling
   (You found it on level 1 of the Dungeon)
Missiles
 n - 20 sling bullets
 u - 60 stones (quivered)
Armour
 c - a +0 shield (worn)
 g - a +0 scale mail (worn)
 l - a +0 buckler
   (You found it on level 1 of the Dungeon)
Jewellery
 m - a ring of protection from cold (left hand) {rC+, !d}
   (You found it on level 1 of the Dungeon)
Wands
 w - a wand of flame (20)
   (You found it on level 3 of the Dungeon)
Scrolls
 e - a scroll of fog {unknown}
 h - a scroll of identify {unknown}
 i - 3 scrolls of fear {unknown}
 o - a scroll of enchant weapon {unknown}
 q - a scroll of random uselessness {unknown}
 s - 2 scrolls of remove curse {unknown}
 x - 2 scrolls of amnesia {unknown}
 y - a scroll of teleportation {unknown}
Potions
 d - 2 potions of might
 j - 2 potions of haste {unknown}
 k - a potion of lignification {unknown}
 p - 4 potions of magic {unknown}
 r - a potion of curing {unknown}
 t - 2 potions of agility {unknown}
Comestibles
 f - 9 rations
 v - 5 chunks of flesh {@w0}


   Skills:
 - Level 3.2 Fighting
 + Level 6.5 Maces & Flails
 - Level 3.2 Armour
 - Level 3.2 Shields


You had 5 spell levels left.
You didn't know any spells.

Dungeon Overview and Level Annotations

Branches:
Dungeon (4/15)
 Temple: D:4-7

Altars:
Ashenzari
Hepliaklqana
Ru


Innate Abilities, Weirdness & Mutations

You are resistant to torment.
Your stone body is resilient. (AC +4)
You are immune to poison.
You resist negative energy. (rN+)
You are resistant to electric shocks. (rElec)
You can survive without breathing.
You are immune to petrification.
You are immune to rotting.


Message History

The ball python skeleton closely misses you.
You hit the ball python skeleton but do no damage.
You block the ball python skeleton's attack.
The ball python skeleton grabs you.
The ball python skeleton constricts you.
You hit the ball python skeleton but do no damage.
You hit the ball python skeleton.
The ball python skeleton is lightly damaged.
The ball python skeleton bites you but does no damage.
The ball python skeleton constricts you.
You block the worker ant's attack.
Your shield and scale mail prevent you from hitting the ball python skeleton.
The ball python skeleton is lightly damaged.
The ball python skeleton barely misses you.
The ball python skeleton constricts you.
The worker ant bites you but does no damage.
You hit the ball python skeleton.
The ball python skeleton is moderately damaged.
The ball python skeleton bites you but does no damage.
The ball python skeleton constricts you.
You block the worker ant's attack.
Ru believes you are ready to make a new sacrifice.
You hit the ball python skeleton.
You destroy the ball python skeleton!
The worker ant bites you but does no damage.
You hit the worker ant.
The worker ant is lightly wounded.
The worker ant bites you but does no damage.
Your shield prevents you from hitting the worker ant.
The worker ant is lightly wounded.
You block the worker ant's attack.
You hit the worker ant but do no damage.
The worker ant is lightly wounded.
You block the worker ant's attack.
You closely miss the worker ant.
The worker ant is lightly wounded.
The worker ant completely misses you.
You closely miss the worker ant.
The worker ant is lightly wounded.
The worker ant bites you but does no damage.
You barely miss the worker ant.
The worker ant is lightly wounded.
You block the worker ant's attack.
You hit the worker ant.
The worker ant is lightly wounded.
You block the worker ant's attack.
The worker ant bites you but does no damage.
You closely miss the worker ant.
The worker ant is lightly wounded.
You closely miss the worker ant.
The worker ant is lightly wounded.
The worker ant bites you but does no damage. x2
You hit the worker ant.
Lightning courses through the worker ant!
You kill the worker ant!
No target in view!
You see here a worker ant corpse.
You butcher the worker ant corpse.
v - 7 chunks of flesh {@w0} (gained 3)
Okay, then.
f - 9 rations (gained 1)
An ogre comes into view. It is wielding a giant spiked club.
The ogre shouts!
Some of the chunks of flesh in your inventory have rotted away.
You barely miss the ogre.
The ogre hits you with a giant spiked club!
You are too injured to fight recklessly!
You are too injured to fight recklessly!
You are too injured to fight recklessly!
You completely miss the ogre.
Your shield and scale mail prevent you from hitting the ogre.
You block the ogre's attack.
You hit the ogre.
The ogre is lightly wounded.
The ogre hits you but does no damage.
Your shield and scale mail prevent you from hitting the ogre.
The ogre is lightly wounded.
You barely miss the ogre.
The ogre is lightly wounded.
You block the ogre's attack.
You hit the ogre.
The ogre is moderately wounded.
You barely miss the ogre.
The ogre is moderately wounded.
The ogre hits you with a giant spiked club!
You hit the ogre but do no damage.
The ogre is moderately wounded.
The ogre hits you but does no damage.
You hit the ogre.
The ogre is moderately wounded.
You hit the ogre.
The ogre is heavily wounded.
The ogre hits you with a giant spiked club!
* * * LOW HITPOINT WARNING * * *
A ball python comes into view.
The ball python moves out of view.
You open the door.
The ogre hits you with a giant spiked club!!
Ouch! That really hurt!
You die...

######..........###.#####........
.....#..........# #..............
####.#..........# #..#..#####...#
...#.#####......# #.............#
##...# #......####....#####.###
%##..# #......#................
$.#..# #.#.###...#####.### .##..#
######'#O# #...#)..#.##. ##...#
......S@.# #...# #.#.##. ...#'###
...............# #.#.##. .......#
)........###.#.# #......
.......##.......... ....# ###.##.
........+............!... .....
.......##......?..... #.##.
.......# ........##### #.##.
.......# ######... ...
.......####### #.#


You could see an ogre and a ball python.

Vanquished Creatures
  The ghost of mhoghedin the Sneak, an amateur SpAs of Trog (D:3)
  A hound (D:4)
  A worker ant (D:4)
  A hound skeleton (D:3)
  3 adders
  An ooze (D:1)
  A worm (D:3)
  5 dart slugs
  A leopard gecko (D:1)
  4 orcs (D:4)
  7 bats
  2 giant cockroaches (D:1)
  17 goblins
  4 hobgoblins
  14 jackals
  A quokka (D:4)
  A ball python skeleton (D:4)
  4 frilled lizards
  4 kobolds (D:1)
  8 rats
81 creatures vanquished.

Notes
Turn   | Place    | Note
-------+----------+-------------------------------------------
     0 | D:1      | sankara the Gargoyle Fighter began the quest for the Orb.
     0 | D:1      | Reached XP level 1. HP: 14/14 MP: 1/1
    21 | D:1      | Reached XP level 2. HP: 12/19 MP: 2/2
    49 | D:1      | Reached skill level 3 in Maces & Flails
   412 | D:1      | Reached XP level 3. HP: 22/23 MP: 3/3
   659 | D:1      | Reached skill level 4 in Maces & Flails
  1016 | D:2      | Found a shattered altar of Ashenzari.
  1113 | D:2      | Found a sacrificial altar of Ru.
  1149 | D:2      | Reached XP level 4. HP: 28/28 MP: 4/4
  1703 | D:2      | Became a worshipper of Ru the Awakened
  2016 | D:3      | Noticed mhoghedin's ghost (amateur SpAs)
  2098 | D:3      | Killed mhoghedin's ghost
  2098 | D:3      | Reached skill level 5 in Maces & Flails
  2098 | D:3      | Reached XP level 5. HP: 32/32 MP: 5/5
  2200 | D:3      | Reached skill level 6 in Maces & Flails
  2253 | D:3      | Found a faded altar of an unknown god.
  2278 | D:3      | Reached XP level 6. HP: 37/37 MP: 6/6
  2559 | D:4      | Found a hazy altar of Hepliaklqana.
  2883 | D:4      | HP: 3/37 [ogre/giant spiked club (16)]
  2904 | D:4      | Demolished by an ogre

Vault maps used:
D:1:      co_arrival_hall_of_pillars
D:2:      lemuel_crystal_altar, nicolae_ashenzari_panopticon
D:3:      first_ration, chequers_ecumenical_altar_twisty
D:4:      cheibrodos_quashed, overflow_temple_1_default,
          gammafunk_temple_overflow_wave, kennysheep_little_box,
          minmay_temple_entry_purple_smoke, uniq_menkaure

Skill      XL: |  1  2  3  4  5 |
---------------+----------------+-----
Maces & Flails | 3 4 5 6 |  6.5
Fighting       | |  3.2
Armour         | |  3.2
Shields        | |  3.2

Action                   |  1- 3 |  4- 6 || total
-------------------------+-------+-------++-------
Melee: Flail             |   109 |       ||   109
       Whip              |    36 |   231 ||   267
 Fire: Hunting sling     |     8 |    63 ||    71
  Eat: Chunk             |     1 |     6 ||     7
Armor: Scale mail        |    77 |    96 ||   173
Dodge: Dodged            |    46 |    52 ||    98
Block: Shield            |    92 |    76 ||   168

Table legend:
 A = Spawn XP
 B = Non-spawn XP
 C = Spawn XP percentage of total XP
 D = Spawn monster count
 E = Non-spawn monster count
 F = Spawn count percentage of total count
 G = Total turns spent on level
                    A         B        C        D         E        F      G
               +---------+---------+-------+---------+---------+-------+---------
         Total |       0 |     431 |   0.0 |       0 |      81 |   0.0 |  2904
               +---------+---------+-------+---------+---------+-------+---------
           D:1 |       0 |      78 |   0.0 |       0 |      38 |   0.0 |  1010
           D:2 |       0 |      44 |   0.0 |       0 |      12 |   0.0 |   699
           D:3 |       0 |     215 |   0.0 |       0 |      22 |   0.0 |   838
           D:4 |       0 |      94 |   0.0 |       0 |       9 |   0.0 |   357
               +---------+---------+-------+---------+---------+-------+---------

Vault maps used:
D:1:      co_arrival_hall_of_pillars
D:2:      lemuel_crystal_altar, nicolae_ashenzari_panopticon
D:3:      first_ration, chequers_ecumenical_altar_twisty
D:4:      cheibrodos_quashed, overflow_temple_1_default,
          gammafunk_temple_overflow_wave, kennysheep_little_box,
          minmay_temple_entry_purple_smoke, uniq_menkaure

Table legend:
 A = Turns spent in this place as a percentage of turns spent in the entire game.
 B = Non-inter-level travel turns spent in this place as a percentage of non-inter-level travel turns spent in the entire game.
 C = Inter-level travel turns spent in this place as a percentage of turns spent in this place.
 D = Turns resting spent in this place as a percentage of non-inter-level travel turns spent in this place.
 E = Turns spent auto-exploring this place as a percentage of non-inter-level travel turns spent in this place.
 F = Non-inter-level travel turns spent in this place divided by the number of levels of this place that you've seen.
                   A       B       C       D       E      F
               +-------+-------+-------+-------+-------+----------------------
         Total | 100.0 | 100.0 |   3.9 |   7.5 |  62.4 | 697.5
       Dungeon | 100.0 | 100.0 |   3.9 |   7.5 |  62.4 | 697.5
               +-------+-------+-------+-------+-------+----------------------

Table legend:
 A = Kills in this place as a percentage of kills in entire the game.
 B = Kills by you in this place as a percentage of kills by you in the entire game.
 C = Kills by friends in this place as a percentage of kills by friends in the entire game.
 D = Other kills in this place as a percentage of other kills in the entire game.
 E = Experience gained in this place as a percentage of experience gained in the entire game.
 F = Experience gained in this place divided by the number of levels of this place that you have seen.
                   A       B       C       D       E      F
               +-------+-------+-------+-------+-------+----------------------
         Total | 100.0 | 100.0 |   N/A |   N/A | 100.0 | 107.8
       Dungeon | 100.0 | 100.0 |   N/A |   N/A | 100.0 | 107.8
               +-------+-------+-------+-------+-------+----------------------
